| TOP OF THE 1ST |
|
Albuquerque Isotopes batting - Pitching for Colorado Springs Sky Sox : RHP Victor Castillo
|
|
Pitching: RHP Victor Castillo
|
|
|
Batting: LHB Alfredo de la Cruz
|
0-0: Ball 1-0: Ball 2-0: Ball 3-0: Called Strike 3-1: Called Strike 3-2: Ground out 6-3 (Groundball, 6, EV 85.6 MPH)
|
|
Batting: RHB Sadataka Kuwahara
|
0-0: Ground out 5-3 (Groundball, 56, EV 104.4 MPH)
|
|
Batting: RHB Adrian Rudkilde
|
0-0: Ball 1-0: Foul Ball, location: 2F 1-1: Ball 2-1: Ball 3-1: Foul Ball, location: 2F 3-2: Strikes out looking
|
| Top of the 1st over - 0 runs, 0 hits, 0 errors, 0 left on base; Albuquerque 0 - Colorado Springs 0 |
| BOTTOM OF THE 1ST |
|
Colorado Springs Sky Sox batting - Pitching for Albuquerque Isotopes : RHP Tyler Smith
|
|
Pitching: RHP Tyler Smith
|
|
|
Batting: LHB Greg Valenzuela
|
0-0: Called Strike 0-1: Ball 1-1: Ball 2-1: Ball 3-1: SINGLE (Groundball, 3S, EV 70.6 MPH) (infield hit)
|
|
Batting: LHB Steve Gilliam
|
0-0: Called Strike Greg Valenzuela steals 2nd base 0-1: Ball 1-1: Foul Ball, location: 2F 1-2: Ball 2-2: TRIPLE (Flyball, 89XD, EV 97.5 MPH) Greg Valenzuela scores
|
|
Batting: RHB Mike McElroy
|
0-0: Swinging Strike 0-1: Called Strike 0-2: Strikes out swinging
|
|
Batting: LHB Michael Krott
|
0-0: Fly out, F9 (Flyball, 9LS, EV 94.4 MPH)
|
|
Batting: LHB Luke Coulter
|
0-0: Called Strike 0-1: Foul Ball, location: 2F 0-2: DOUBLE (Flyball, 8LXD, EV 108.8 MPH) Steve Gilliam scores
|
|
Batting: RHB Eduardo Camacho
|
0-0: Ball 1-0: Foul Ball, location: 2F 1-1: Swinging Strike 1-2: Ball 2-2: Strikes out swinging
|
| Bottom of the 1st over - 2 runs, 3 hits, 0 errors, 1 left on base; Albuquerque 0 - Colorado Springs 2 |
| TOP OF THE 2ND |
|
Albuquerque Isotopes batting - Pitching for Colorado Springs Sky Sox : RHP Victor Castillo
|
|
Batting: RHB Eddie McCoy
|
0-0: SINGLE (Groundball, 6MD, EV 96.2 MPH)
|
|
Batting: RHB Mike Ball
|
0-0: Ball 1-0: Called Strike 1-1: Foul Ball, location: 2F 1-2: Ball 2-2: Strikes out looking
|
|
Batting: LHB Pablo Cardona
|
0-0: Called Strike 0-1: Called Strike 0-2: Ball 1-2: Fly out, F7 (Flyball, 7LM, EV 101.2 MPH)
|
|
Batting: RHB Ben Taylor
|
0-0: Ball 1-0: SINGLE (Groundball, 6D, EV 102.5 MPH) Eddie McCoy to second
|
|
Batting: RHB Nick Cummings
|
0-0: Foul Ball, location: 2F 0-1: Ball 1-1: Ground out 6-3 (Groundball, 6S, EV 66.9 MPH)
|
| Top of the 2nd over - 0 runs, 2 hits, 0 errors, 2 left on base; Albuquerque 0 - Colorado Springs 2 |
| BOTTOM OF THE 2ND |
|
Colorado Springs Sky Sox batting - Pitching for Albuquerque Isotopes : RHP Tyler Smith
|
|
Batting: SHB Jamie Mims
|
0-0: Ball 1-0: Foul Ball, location: 2F 1-1: Ball 2-1: Ball 3-1: Ground out 4-3 (Groundball, 34D, EV 105.0 MPH)
|
|
Batting: RHB Juan Figueroa
|
0-0: Ground out 4-3 (Groundball, 4M, EV 106.9 MPH)
|
|
Batting: LHB Mike Clark
|
0-0: Ball 1-0: Foul Ball, location: 2F 1-1: Ball 2-1: Foul Ball, location: 2F 2-2: Strikes out swinging
|
| Bottom of the 2nd over - 0 runs, 0 hits, 0 errors, 0 left on base; Albuquerque 0 - Colorado Springs 2 |
| TOP OF THE 3RD |
|
Albuquerque Isotopes batting - Pitching for Colorado Springs Sky Sox : RHP Victor Castillo
|
|
Batting: RHB Joe LaDue
|
0-0: Called Strike 0-1: Swinging Strike 0-2: Foul Ball, location: 2F 0-2: Foul Ball, location: 2F 0-2: Foul Ball, location: 2F 0-2: Ground out 5-3 (Groundball, 56, EV 104.4 MPH)
|
|
Batting: LHB Alfredo de la Cruz
|
0-0: Ball 1-0: Foul Ball, location: 2F 1-1: SINGLE (Line Drive, 8RS, EV 104.4 MPH)
|
|
Batting: RHB Sadataka Kuwahara
|
0-0: Ball 1-0: Swinging Strike 1-1: Ball 2-1: Ball 3-1: Base on Balls Alfredo de la Cruz to second
|
|
Batting: RHB Adrian Rudkilde
|
0-0: Ball 1-0: Called Strike 1-1: Foul Ball, location: 2F 1-2: Ball 2-2: Fielders Choice at 2nd, 4-6 (Groundball, 4, EV 78.1 MPH) Alfredo de la Cruz to third
|
|
Batting: RHB Eddie McCoy
|
0-0: Swinging Strike 0-1: Foul Ball, location: 2F 0-2: Ball 1-2: Ball 2-2: Ground out 2-3 (Groundball, 15S, EV 68.8 MPH)
|
| Top of the 3rd over - 0 runs, 1 hit, 0 errors, 2 left on base; Albuquerque 0 - Colorado Springs 2 |
| BOTTOM OF THE 3RD |
|
Colorado Springs Sky Sox batting - Pitching for Albuquerque Isotopes : RHP Tyler Smith
|
|
Batting: LHB Greg Valenzuela
|
0-0: Called Strike 0-1: Ball 1-1: Ball 2-1: Foul Ball, location: 2F 2-2: Foul Ball, location: 2F 2-2: Ball 3-2: Base on Balls
|
|
Batting: LHB Steve Gilliam
|
0-0: Ball Greg Valenzuela is caught stealing 2nd base 2-6 1-0: Foul Ball, location: 2F 1-1: SINGLE (Groundball, P, EV 87.5 MPH) (infield hit)
|
|
Batting: RHB Mike McElroy
|
0-0: SINGLE (Groundball, 56D, EV 103.8 MPH) Steve Gilliam to second
|
|
Batting: LHB Michael Krott
|
0-0: Called Strike 0-1: Called Strike 0-2: Strikes out swinging
|
|
Batting: LHB Luke Coulter
|
0-0: Ball 1-0: Fly out, F1 (Line Drive, P, EV 66.9 MPH)
|
| Bottom of the 3rd over - 0 runs, 2 hits, 0 errors, 2 left on base; Albuquerque 0 - Colorado Springs 2 |
| TOP OF THE 4TH |
|
Albuquerque Isotopes batting - Pitching for Colorado Springs Sky Sox : RHP Victor Castillo
|
|
Batting: RHB Mike Ball
|
0-0: DOUBLE (Flyball, 89XD, EV 98.8 MPH)
|
|
Batting: LHB Pablo Cardona
|
0-0: Foul Ball, location: 2F 0-1: Ball 1-1: SINGLE (Line Drive, 3D, EV 94.4 MPH) Mike Ball to third
|
|
Batting: RHB Ben Taylor
|
0-0: Ball 1-0: Ball 2-0: Ball 3-0: Called Strike 3-1: Foul Ball, location: 2F 3-2: Strikes out swinging
|
|
Batting: RHB Nick Cummings
|
0-0: Foul Ball, location: 2F 0-1: Ball 1-1: Grounds into double play, 6-4-3 (Groundball, 6, EV 85.0 MPH)
|
| Top of the 4th over - 0 runs, 2 hits, 0 errors, 1 left on base; Albuquerque 0 - Colorado Springs 2 |
| BOTTOM OF THE 4TH |
|
Colorado Springs Sky Sox batting - Pitching for Albuquerque Isotopes : RHP Tyler Smith
|
|
Batting: RHB Eduardo Camacho
|
0-0: Ball 1-0: Ball 2-0: Ball 3-0: Called Strike 3-1: Base on Balls
|
|
Batting: SHB Jamie Mims
|
0-0: Ball 1-0: Fielders Choice at 2nd, 4-6 (Groundball, 4, EV 81.2 MPH)
|
|
Batting: RHB Juan Figueroa
|
0-0: Ball 1-0: SINGLE (Groundball, P, EV 82.5 MPH) (infield hit) Jamie Mims to second
|
|
Batting: LHB Mike Clark
|
0-0: Foul Ball, location: 2F 0-1: Called Strike Jamie Mims is caught stealing 3rd base 2-5 Juan Figueroa to second 0-2: Ball 1-2: Foul Ball, location: 2F 1-2: Ground out 6-3 (Groundball, 6, EV 84.4 MPH)
|
| Bottom of the 4th over - 0 runs, 1 hit, 0 errors, 1 left on base; Albuquerque 0 - Colorado Springs 2 |
| TOP OF THE 5TH |
|
Albuquerque Isotopes batting - Pitching for Colorado Springs Sky Sox : RHP Victor Castillo
|
|
Batting: RHB Joe LaDue
|
0-0: Ball 1-0: Ball 2-0: SINGLE (Line Drive, 6M, EV 100.0 MPH)
|
|
Batting: LHB Alfredo de la Cruz
|
0-0: Ball 1-0: Ball 2-0: Called Strike 2-1: Foul Ball, location: 2F 2-2: Foul Ball, location: 2F 2-2: Ball 3-2: Foul Ball, location: 2F 3-2: Base on Balls Joe LaDue to second
|
|
Batting: RHB Sadataka Kuwahara
|
0-0: Ball 1-0: Foul Ball, location: 2F 1-1: Foul Ball, location: 2F 1-2: SINGLE (Groundball, 6MD, EV 100.0 MPH) Joe LaDue to third Alfredo de la Cruz to second Runner from 3rd tries for Home, SAFE, throw by CF to home
|
|
Batting: RHB Adrian Rudkilde
|
0-0: Ball 1-0: Fielders Choice at 2nd, 5-4 (Groundball, 56, EV 88.8 MPH) Alfredo de la Cruz to third
|
|
Batting: RHB Eddie McCoy
|
0-0: Called Strike 0-1: Called Strike 0-2: Foul Ball, location: 2F 0-2: Foul Ball, location: 2F 0-2: Ball 1-2: Ball 2-2: Fly out, F6 (Popup, 6MD, EV 64.4 MPH)
|
|
Batting: RHB Mike Ball
|
0-0: Ball 1-0: Ball 2-0: Ball 3-0: Called Strike 3-1: Swinging Strike 3-2: Strikes out swinging
|
| Top of the 5th over - 1 run, 2 hits, 0 errors, 2 left on base; Albuquerque 1 - Colorado Springs 2 |
| BOTTOM OF THE 5TH |
|
Colorado Springs Sky Sox batting - Pitching for Albuquerque Isotopes : RHP Tyler Smith
|
|
Batting: LHB Greg Valenzuela
|
0-0: Called Strike 0-1: Called Strike 0-2: Ball 1-2: Fly out, F5 (Popup, 56S, EV 81.2 MPH)
|
|
Batting: LHB Steve Gilliam
|
0-0: Ball 1-0: Foul Ball, location: 2F 1-1: Ball 2-1: Swinging Strike 2-2: SINGLE (Groundball, P, EV 90.0 MPH) (infield hit)
|
|
Batting: RHB Mike McElroy
|
0-0: Called Strike 0-1: Called Strike Steve Gilliam is caught stealing 2nd base 2-4 0-2: Fly out, F7 (Flyball, 7, EV 88.8 MPH)
|
| Bottom of the 5th over - 0 runs, 1 hit, 0 errors, 0 left on base; Albuquerque 1 - Colorado Springs 2 |
| TOP OF THE 6TH |
|
Albuquerque Isotopes batting - Pitching for Colorado Springs Sky Sox : RHP Victor Castillo
|
|
Pitching: RHP Davon Ware
|
|
|
Batting: LHB Pablo Cardona
|
0-0: Foul Ball, location: 2F 0-1: Ball 1-1: Ball 2-1: Fly out, F8 (Flyball, 8RD, EV 95.0 MPH)
|
|
Batting: RHB Ben Taylor
|
0-0: Ball 1-0: Swinging Strike 1-1: Ball 2-1: Ball 3-1: Foul Ball, location: 2F 3-2: Foul Ball, location: 2F 3-2: Base on Balls
|
|
Batting: RHB Nick Cummings
|
0-0: Ball 1-0: Ball 2-0: Called Strike 2-1: Ball 3-1: Swinging Strike 3-2: Foul Ball, location: 2F 3-2: Foul Ball, location: 2F 3-2: Foul Ball, location: 2F 3-2: Fly out, F9 (Flyball, 9, EV 96.2 MPH)
|
|
Batting: RHB Joe LaDue
|
0-0: Ball 1-0: Called Strike 1-1: Ball 2-1: Called Strike 2-2: Strikes out swinging
|
| Top of the 6th over - 0 runs, 0 hits, 0 errors, 1 left on base; Albuquerque 1 - Colorado Springs 2 |
| BOTTOM OF THE 6TH |
|
Colorado Springs Sky Sox batting - Pitching for Albuquerque Isotopes : RHP Tyler Smith
|
|
Batting: LHB Michael Krott
|
0-0: Fly out, F7 (Flyball, 78S, EV 78.8 MPH)
|
|
Batting: LHB Luke Coulter
|
0-0: Ball 1-0: Ground out 4-3 (Groundball, 4M, EV 86.9 MPH)
|
|
Batting: RHB Eduardo Camacho
|
0-0: Foul Ball, location: 2F 0-1: Swinging Strike 0-2: Strikes out swinging
|
| Bottom of the 6th over - 0 runs, 0 hits, 0 errors, 0 left on base; Albuquerque 1 - Colorado Springs 2 |
| TOP OF THE 7TH |
|
Albuquerque Isotopes batting - Pitching for Colorado Springs Sky Sox : RHP Davon Ware
|
|
Pitching: RHP Vas Karamyshev
|
|
|
Batting: LHB Alfredo de la Cruz
|
0-0: Foul Ball, location: 2F 0-1: Ball 1-1: Ball 2-1: Foul Ball, location: 2F 2-2: Ball 3-2: Foul Ball, location: 2F 3-2: Foul Ball, location: 2F 3-2: Foul Ball, location: 2F 3-2: Base on Balls
|
|
Batting: RHB Sadataka Kuwahara
|
0-0: Called Strike Alfredo de la Cruz steals 2nd base 0-1: Ball 1-1: Ground out 6-3 (Groundball, 6, EV 86.2 MPH) Alfredo de la Cruz to third
|
|
Batting: RHB Adrian Rudkilde
|
0-0: Ball 1-0: Called Strike 1-1: Ball 2-1: Foul Ball, location: 2F 2-2: Fly out, F6 (Popup, 56S, EV 74.4 MPH)
|
|
Pinch Hitting: SHB Jamel Wright
|
0-0: Ball 1-0: Foul Ball, location: 2F 1-1: Foul Ball, location: 2F 1-2: Ball 2-2: Ball 3-2: Foul Ball, location: 2F 3-2: Ground out U3 (Groundball, 3, EV 86.9 MPH)
|
| Top of the 7th over - 0 runs, 0 hits, 0 errors, 1 left on base; Albuquerque 1 - Colorado Springs 2 |
| BOTTOM OF THE 7TH |
|
Colorado Springs Sky Sox batting - Pitching for Albuquerque Isotopes : RHP Tyler Smith
|
|
Now at 1B: Chris King
|
|
|
Batting: SHB Jamie Mims
|
0-0: Ball 1-0: Called Strike 1-1: Ball 2-1: Swinging Strike 2-2: Ball 3-2: Ground out U3 (Groundball, 3S, EV 94.4 MPH)
|
|
Batting: RHB Juan Figueroa
|
0-0: Foul Ball, location: 2F 0-1: Swinging Strike 0-2: Strikes out swinging
|
|
Batting: LHB Mike Clark
|
0-0: Called Strike 0-1: Foul Ball, location: 2F 0-2: Strikes out looking
|
| Bottom of the 7th over - 0 runs, 0 hits, 0 errors, 0 left on base; Albuquerque 1 - Colorado Springs 2 |
| TOP OF THE 8TH |
|
Albuquerque Isotopes batting - Pitching for Colorado Springs Sky Sox : RHP Vas Karamyshev
|
|
Pitching: RHP Sipi Kilpinen
|
|
|
Batting: RHB Mike Ball
|
0-0: Ball 1-0: Swinging Strike 1-1: Ball 2-1: Ball 3-1: Base on Balls
|
|
Pitching: LHP Bill Ogren
|
|
|
Batting: LHB Pablo Cardona
|
0-0: Ball 1-0: Ball 2-0: Sac Bunt to 5S - play at first, batter OUT! 5-3 Mike Ball to second
|
|
Batting: RHB Ben Taylor
|
0-0: Called Strike 0-1: Swinging Strike 0-2: Strikes out swinging
|
|
Batting: RHB Nick Cummings
|
0-0: Ball 1-0: Fly out, F8 (Flyball, 8RXD, EV 94.4 MPH)
|
| Top of the 8th over - 0 runs, 0 hits, 0 errors, 1 left on base; Albuquerque 1 - Colorado Springs 2 |
| BOTTOM OF THE 8TH |
|
Colorado Springs Sky Sox batting - Pitching for Albuquerque Isotopes : RHP Tyler Smith
|
|
Pitching: RHP Humberto Gutierrez
|
|
|
Batting: LHB Greg Valenzuela
|
0-0: Ball 1-0: Called Strike 1-1: Ground out U3 (Groundball, 3, EV 78.8 MPH)
|
|
Batting: LHB Steve Gilliam
|
0-0: Ball 1-0: Called Strike 1-1: Ball 2-1: Swinging Strike 2-2: Ball 3-2: DOUBLE (Line Drive, 7LM, EV 99.4 MPH)
|
|
Batting: RHB Mike McElroy
|
0-0: Ball 1-0: Called Strike 1-1: Ball 2-1: Foul Ball, location: 2F Balk! Steve Gilliam to third 2-2: Ball 3-2: Foul Ball, location: 2F 3-2: Base on Balls
|
|
Batting: LHB Michael Krott
|
0-0: Ball 1-0: Ball 2-0: Ball 3-0: Base on Balls Mike McElroy to second
|
|
Batting: LHB Luke Coulter
|
0-0: Called Strike 0-1: TRIPLE (Flyball, 9LD, EV 95.6 MPH) Steve Gilliam scores Mike McElroy scores Michael Krott scores
|
|
Pitching: RHP Jon Turman
|
|
|
Batting: RHB Eduardo Camacho
|
0-0: Ball 1-0: Ball 2-0: Ball 3-0: Called Strike 3-1: Called Strike 3-2: Foul Ball, location: 2F 3-2: Ground out 4-3 (Groundball, 4, EV 87.5 MPH) Luke Coulter scores
|
|
Batting: SHB Jamie Mims
|
0-0: Called Strike 0-1: Ground out 4-3 (Groundball, 4, EV 86.2 MPH)
|
| Bottom of the 8th over - 4 runs, 2 hits, 0 errors, 0 left on base; Albuquerque 1 - Colorado Springs 6 |
| TOP OF THE 9TH |
|
Albuquerque Isotopes batting - Pitching for Colorado Springs Sky Sox : LHP Bill Ogren
|
|
Batting: RHB Joe LaDue
|
0-0: Ball 1-0: Ball 2-0: Foul Ball, location: 2F 2-1: Ball 3-1: Ground out U3 (Groundball, 34, EV 103.1 MPH)
|
|
Batting: LHB Alfredo de la Cruz
|
0-0: Foul Ball, location: 2F 0-1: Ball 1-1: Ball 2-1: Ball 3-1: Swinging Strike 3-2: Strikes out swinging
|
|
Batting: RHB Sadataka Kuwahara
|
0-0: Foul Ball, location: 2F 0-1: Ball 1-1: Ball 2-1: Swinging Strike 2-2: Ball 3-2: Foul Ball, location: 2F 3-2: Base on Balls
|
|
Batting: RHB Adrian Rudkilde
|
0-0: Ball 1-0: Ball 2-0: Foul Ball, location: 2F 2-1: Swinging Strike 2-2: Foul Ball, location: 2F 2-2: Fielders Choice at 2nd, 5-4 (Groundball, 5, EV 83.1 MPH)
|
| Top of the 9th over - 0 runs, 0 hits, 0 errors, 1 left on base; Albuquerque 1 - Colorado Springs 6 |
|